[Event "Team 45 45 League T50"]
[Site "Internet Chess Club"]
[Date "2011.08.30"]
[Round "3"]
[White "CoasterBrake"]
[Black "KidRattler"]
[Result "0-1"]
[WhiteElo "1103"]
[BlackElo "1234"]
[Opening "Center game: Paulsen attack"]
[ECO "C22"]
[Time "10:04:39"]
[TimeControl "2700+45"]

1. e4 e5 2. d4 exd4 3. Qxd4 Nc6 4. Qe3 Qf6 5. Nf3 Bb4+ 6. c3 Bd6 7. Nbd2 Qf4 8.
Nc4 Qxe3+ 9. Bxe3 Be7 10. Bd3 Nf6 11. O-O-O O-O 12. h3 d6 13. Rhe1 Be6 14. Ng5
Bxc4 15. Bxc4 h6 16. e5 Nxe5 17. Ne6 fxe6 18. Bxe6+ Kh8 19. Bf4 Ng6 20. Bg3 Rae8
21. Bf5 Ne5 22. Bxe5 dxe5 23. Bg6 Rd8 24. Rxe5 Rxd1+ 25. Kxd1 Rd8+ 26. Kc2 Bd6
27. Re6 Rd7 28. g4 Re7 29. Rxe7 Bxe7 30. f3 Bd6 31. Kd3 Kg8 32. Kd4 Kf8 33. h4
Ke7 34. g5 hxg5 35. hxg5 Nd7 36. Kd5 c5 37. b3 Bf4 38. Ke4 Bxg5 39. Kf5 Bf6 40.
c4 Ne5 41. Bh5 g6+ 42. Bxg6 Nxg6 43. Kxg6 Ke6 44. a3 Bb2 45. a4 Ke5 46. Kg5 Kd4
47. f4 Bc1 48. Kg4 Bxf4 49. Kxf4 Kc3 50. Ke4 Kxb3 51. Kd5 Kb4 52. a5 a6 53. Kd6
Kxc4 54. Kc7 Kb5 55. Kxb7 Kxa5 56. Kc6 Kb4 57. Kb6 c4 58. Kxa6 c3 {White
resigns} 0-1

[Event "Team 45 45 League T50"]
[Site "Internet Chess Club"]
[Date "2011.08.28"]
[Round "3"]
[White "kjs110"]
[Black "WzeroMN"]
[Result "0-1"]
[WhiteElo "1056"]
[BlackElo "1108"]
[Opening "Giuoco Piano"]
[ECO "C50"]
[Time "13:09:29"]
[TimeControl "2700+45"]

1. e4 e5 2. Nf3 Nc6 3. Bc4 Bc5 4. O-O Nf6 5. d3 O-O 6. a3 a5 7. c3 b6 8. Bg5 Ba6
9. Ba2 Be7 10. Qe2 Ne8 11. Qe3 Bxg5 12. Nxg5 Nf6 13. Nd2 Ng4 14. Bxf7+ Kh8 15.
Qh3 Qxg5 16. Bh5 Nf6 17. Nf3 Qxh5 18. Qxh5 Nxh5 19. g4 Nf4 20. Ng5 Nxd3 21. Rad1
Nxb2 22. Rxd7 Bxf1 23. Kxf1 Rab8 24. Rxc7 Rbc8 25. Nf7+ Kg8 26. Nh6+ gxh6 {White
resigns} 0-1

[Event "Team 45 45 League T50"]
[Site "Internet Chess Club"]
[Date "2011.08.28"]
[Round "3"]
[White "mrmarck"]
[Black "PsyMar"]
[Result "0-1"]
[WhiteElo "1280"]
[BlackElo "1423"]
[Opening "King's Indian defense"]
[ECO "E60"]
[Time "14:01:14"]
[TimeControl "2700+45"]

1. d4 Nf6 2. c4 g6 3. e3 Bg7 4. Nf3 c5 5. Nbd2 cxd4 6. Nxd4 Nc6 7. N2f3 e5 8.
Ne2 d5 9. cxd5 Nxd5 10. Rb1 e4 11. Nd2 O-O 12. Nxe4 Re8 13. N2g3 h5 14. Nxh5
gxh5 15. Qxh5 Rxe4 16. Bd3 Rh4 17. Qf3 Ne5 {White resigns} 0-1

[Event "Team 45 45 League T50"]
[Site "Internet Chess Club"]
[Date "2011.08.25"]
[Round "3"]
[White "Skylab"]
[Black "jjaillet2007"]
[Result "1/2-1/2"]
[WhiteElo "1273"]
[BlackElo "1333"]
[Opening "Queen's gambit declined"]
[ECO "D30"]
[Time "16:01:04"]
[TimeControl "2700+45"]

1. d4 d5 2. c4 e6 3. e3 c5 4. Nf3 Nc6 5. cxd5 exd5 6. Bb5 Qb6 7. Nc3 cxd4 8.
exd4 Bd6 9. O-O Bg4 10. Nxd5 Qxb5 11. Nc3 Qh5 12. Re1+ Nge7 13. Be3 Bxf3 14.
Qxf3 Bxh2+ 15. Kf1 Qxf3 16. gxf3 O-O 17. f4 Nf5 18. Kg2 Ncxd4 19. Rad1 Nc2 20.
Re2 Ncxe3+ 21. fxe3 Bxf4 22. exf4 Rfe8 23. Kf2 Rxe2+ 24. Kxe2 Re8+ 25. Kf2 Kf8
26. Rd7 Re7 27. Rd8+ Re8 28. Rd7 Re7 29. Rd8+ Re8 30. Rd7 {Game drawn by
repetition} 1/2-1/2

[Event "Team 45 45 League T50"]
[Site "Internet Chess Club"]
[Date "2011.08.27"]
[Round "3"]
[White "BosqueVerde"]
[Black "JimGaming"]
[Result "0-1"]
[WhiteElo "1203"]
[BlackElo "1292"]
[Opening "Nimzo-Indian: classical, Noa variation"]
[ECO "E34"]
[Time "14:00:58"]
[TimeControl "2700+45"]

1. d4 Nf6 2. c4 e6 3. Nc3 d5 4. Qc2 Bb4 5. Nf3 O-O 6. Bg5 Nbd7 7. e3 h6 8. Bh4
c6 9. cxd5 cxd5 10. Bd3 Qc7 11. Rc1 a6 12. a4 Qa5 13. O-O Bxc3 14. bxc3 Nb6 15.
Bxf6 gxf6 16. Ra1 Bd7 17. e4 Nc4 18. e5 f5 19. Rfb1 Bc6 20. Bxf5 exf5 21. Qxf5
Qd8 22. h3 Rb8 23. Nh2 Bd7 24. Qh5 Qg5 25. Qf3 Nd2 26. Qxd5 Bc6 27. Qxc6 bxc6
28. Re1 f5 29. e6 Rbe8 30. Ra2 Ne4 31. Re3 Rxe6 32. Rae2 Rfe8 33. Nf3 Qf4 34. g3
Qb8 35. Ne5 Qb1+ 36. Kh2 Qc1 37. Re1 Qd2 38. R3e2 Qxc3 39. Rg1 Qxd4 40. g4 Qxe5+
41. Kh1 f4 42. g5 hxg5 43. f3 Ng3+ 44. Kh2 Qxe2+ 45. Rg2 Qxf3 46. Rxg3 Qxg3+
{White resigns} 0-1

[Event "Team 45 45 League T50"]
[Site "Internet Chess Club"]
[Date "2011.08.30"]
[Round "3"]
[White "sere"]
[Black "WannaB"]
[Result "0-1"]
[WhiteElo "1174"]
[BlackElo "1143"]
[Opening "Sicilian: Hungarian variation"]
[ECO "B27"]
[Time "11:00:17"]
[TimeControl "2700+45"]

1. e4 c5 2. Nf3 g6 3. d4 d6 4. dxc5 Qa5+ 5. Nc3 Qxc5 6. Be3 Qc7 7. Be2 Bg7 8.
O-O Nf6 9. Qd2 O-O 10. Bh6 Nc6 11. Bxg7 Kxg7 12. Rad1 Bg4 13. Rfe1 a6 14. h3
Bxf3 15. Bxf3 Rad8 16. Nd5 Nxd5 17. exd5 Ne5 18. Be2 Nd7 19. Qd4+ Nf6 20. Bd3 b5
21. Re2 Rde8 22. Be4 Qc4 23. Qxc4 bxc4 24. Bf3 Nd7 25. Rd4 Nb6 26. Rde4 Nxd5 27.
Rxc4 Nb6 28. Rce4 e6 29. Rb4 Nd5 30. Bxd5 exd5 31. Rxe8 Rxe8 32. Rb6 Re1+ 33.
Kh2 Re2 34. Rc6 Rxf2 35. Kg3 Rf6 36. Rxa6 d4 37. Ra4 Re6 38. Kf3 Rf6+ 39. Ke2
Re6+ 40. Kd3 Re1 41. Rxd4 Kf6 42. Rxd6+ Ke5 43. Rd4 Rd1+ 44. Kc3 Rxd4 {White
resigns} 0-1

[Event "Team 45 45 League T50"]
[Site "Internet Chess Club"]
[Date "2011.08.30"]
[Round "3"]
[White "mitus"]
[Black "Innes"]
[Result "1-0"]
[WhiteElo "1839"]
[BlackElo "1649"]
[Opening "Ruy Lopez: Schliemann defense"]
[ECO "C63"]
[Time "12:00:06"]
[TimeControl "2700+45"]

1. e4 e5 2. Nf3 Nc6 3. Bb5 f5 4. d3 Nf6 5. O-O d6 6. Nc3 f4 7. d4 Bd7 8. dxe5
dxe5 9. Bxc6 Bxc6 10. Nxe5 Bd6 11. Nxc6 bxc6 12. Qd4 Qe7 13. Re1 Be5 14. Qc4 Rd8
15. Qxc6+ Kf8 16. Nd5 Qf7 17. Nxf6 gxf6 18. Qc5+ Kg7 19. Rb1 Rhg8 20. Qb5 Qh5
21. f3 Kh8 22. Qf1 Rg6 23. Re2 Rdg8 24. Kh1 Rh6 25. h3 f5 26. exf5 Qxf5 27. Rxe5
Qxe5 28. Bd2 Qf5 29. Bc3+ Rg7 30. Rd1 Rd6 31. Rxd6 cxd6 32. Qa6 Qe6 33. Bxg7+
Kxg7 34. Qxa7+ Kg6 35. Qf2 Qxa2 36. c3 Qe6 37. Qc2+ Kg7 38. Qe4 Qh6 39. Qe7+ Kg8
40. b4 Qg6 41. Qd8+ Kg7 42. Qd7+ Kh6 43. Qg4 Qf6 44. Kh2 d5 45. h4 Qe5 46. Qg5+
Qxg5 47. hxg5+ Kxg5 48. b5 {Black resigns} 1-0

[Event "Team 45 45 League T50"]
[Site "Internet Chess Club"]
[Date "2011.08.29"]
[Round "3"]
[White "beitmery"]
[Black "Warpdrive"]
[Result "0-1"]
[WhiteElo "1551"]
[BlackElo "1596"]
[Opening "King's Indian: Sämisch, 5...O-O"]
[ECO "E81"]
[Time "17:10:55"]
[TimeControl "2700+45"]

1. d4 Nf6 2. c4 g6 3. Nc3 Bg7 4. e4 d6 5. f3 O-O 6. Bd3 e5 7. d5 Nh5 8. Nge2 f5
9. Be3 f4 10. Bf2 Nd7 11. b4 Ndf6 12. Qb3 b6 13. O-O g5 14. c5 g4 15. cxd6 cxd6
16. Nb5 gxf3 17. gxf3 Bh3 18. Rfc1 Nxe4 19. Bxe4 Qg5+ 20. Ng3 fxg3 21. Nxd6
gxh2+ {White resigns} 0-1

[Event "Team 45 45 League T50"]
[Site "Internet Chess Club"]
[Date "2011.08.30"]
[Round "3"]
[White "clarinetref"]
[Black "Tjet"]
[Result "1/2-1/2"]
[WhiteElo "1635"]
[BlackElo "1477"]
[Opening "Réti: Nimzovich-Larsen attack"]
[ECO "A06"]
[Time "20:31:38"]
[TimeControl "2700+45"]

1. Nf3 d5 2. b3 Nf6 3. Bb2 Bf5 4. e3 c6 5. c4 Nbd7 6. Be2 e6 7. O-O Be7 8. d4
O-O 9. Nbd2 Bg4 10. h3 Bh5 11. cxd5 cxd5 12. Ne5 Bxe2 13. Qxe2 Rc8 14. Rac1 Rxc1
15. Rxc1 Qa5 16. a4 a6 17. f4 Nxe5 18. fxe5 Ne4 19. Nxe4 dxe4 20. Qc2 g6 21. Bc3
Qd5 22. Bd2 Ba3 23. Ra1 Be7 24. b4 Qc6 25. Qb3 Rc8 26. Rc1 Qd7 27. Rxc8+ Qxc8
{Game drawn by mutual agreement} 1/2-1/2

[Event "Team 45 45 League T50"]
[Site "Internet Chess Club"]
[Date "2011.08.28"]
[Round "3"]
[White "dpmdpm"]
[Black "Aquaman"]
[Result "1/2-1/2"]
[WhiteElo "1599"]
[BlackElo "1277"]
[Opening "Sicilian: closed, 6.f4"]
[ECO "B25"]
[Time "13:30:35"]
[TimeControl "2700+45"]

1. e4 c5 2. Nc3 g6 3. g3 Bg7 4. Bg2 Nc6 5. d3 d6 6. f4 e6 7. Nf3 Nge7 8. O-O O-O
9. Rb1 Rb8 10. Be3 b6 11. Qd2 f5 12. h3 d5 13. exd5 exd5 14. Bf2 d4 15. Ne2 Bb7
16. c3 dxc3 17. bxc3 h6 18. Rfd1 Qc7 19. d4 cxd4 20. Nexd4 Nxd4 21. Bxd4 Bxf3
22. Bxf3 Rfd8 23. Qb2 Bxd4+ 24. cxd4 Nd5 25. Qb3 Qd7 26. Bxd5+ Qxd5 27. Kf2 Qxb3
28. Rxb3 Rd5 29. Rc3 a5 30. Rc7 Re8 31. Rc6 Kg7 32. Rxb6 Re7 33. Rb2 Re4 34.
Rbd2 Kf6 35. Kf3 g5 36. fxg5+ hxg5 37. g4 Rf4+ 38. Kg3 fxg4 39. hxg4 Re4 {Game
drawn by mutual agreement} 1/2-1/2

[Event "Team 45 45 League T50"]
[Site "Internet Chess Club"]
[Date "2011.08.29"]
[Round "3"]
[White "latayvia"]
[Black "andrew32"]
[Result "0-1"]
[WhiteElo "1755"]
[BlackElo "1668"]
[Opening "Sicilian: Alapin's variation (2.c3)"]
[ECO "B22"]
[Time "17:24:36"]
[TimeControl "2700+45"]

1. e4 c5 2. c3 Nf6 3. e5 Nd5 4. d4 e6 5. Nf3 Nc6 6. c4 Nb6 7. d5 exd5 8. cxd5
Nb4 9. Bc4 Nxc4 10. a3 Na6 11. Qb3 b5 12. d6 Bb7 13. Nbd2 Nxd2 14. Bxd2 Qb6 15.
Ng5 c4 16. Qh3 Nc5 17. O-O Nd3 18. Bc3 h6 19. Qh4 Qc6 20. f3 hxg5 21. Qxh8 O-O-O
22. Ba5 Re8 23. Qh7 Qc5+ 24. Kh1 Nf2+ 25. Kg1 Nh3+ 26. Kh1 Qg1+ 27. Rxg1 Nf2#
{White checkmated} 0-1

[Event "Team 45 45 League T50"]
[Site "Internet Chess Club"]
[Date "2011.08.26"]
[Round "3"]
[White "isolani"]
[Black "bayoumicardio10"]
[Result "0-1"]
[WhiteElo "1487"]
[BlackElo "1652"]
[Opening "King's Indian: East Indian defense"]
[ECO "A48"]
[Time "20:00:22"]
[TimeControl "2700+45"]

1. Nf3 Nf6 2. d4 g6 3. b3 Bg7 4. Bb2 O-O 5. Nbd2 d6 6. e4 Bg4 7. h3 Bxf3 8. Qxf3
c6 9. Be2 Nbd7 10. O-O a5 11. Rfd1 Qc7 12. Rac1 c5 13. c4 a4 14. Qe3 axb3 15.
axb3 Ra2 16. Bc3 Rfa8 17. Ra1 cxd4 18. Bxd4 Ne8 19. Bxg7 Nxg7 20. Rxa2 Rxa2 21.
b4 Qb6 22. Qb3 Qa7 23. c5 dxc5 24. Qd5 b6 25. Bb5 Ra1 26. Nf3 Rxd1+ 27. Qxd1 Nf8
28. Bc4 cxb4 29. Qb3 Nge6 30. Qxb4 Qa1+ 31. Kh2 Qf6 32. Qxb6 Qf4+ 33. Kh1 Qc1+
34. Kh2 Qxc4 {White resigns} 0-1

[Event "Team 45 45 League T50"]
[Site "Internet Chess Club"]
[Date "2011.08.27"]
[Round "3"]
[White "cmarler"]
[Black "Andressa"]
[Result "1/2-1/2"]
[WhiteElo "1459"]
[BlackElo "1439"]
[Opening "Giuoco Pianissimo: Italian four knights variation"]
[ECO "C55"]
[Time "09:03:53"]
[TimeControl "2700+45"]

1. e4 e5 2. Nf3 Nc6 3. Bc4 Nf6 4. Nc3 Bc5 5. d3 O-O 6. Bg5 h6 7. Bh4 d6 8. h3 a6
9. Nd5 b5 10. Nxf6+ gxf6 11. Bd5 Bb7 12. c3 Rb8 13. O-O Na7 14. Bc6 Nxc6 15. Qd2
Kg7 16. d4 exd4 17. cxd4 Bb4 18. Qf4 d5 19. e5 Be7 20. Qg4+ Kh7 21. Qf5+ Kg7 22.
Qg4+ Kh7 23. Qf5+ {Game drawn by mutual agreement} 1/2-1/2

[Event "Team 45 45 League T50"]
[Site "Internet Chess Club"]
[Date "2011.08.27"]
[Round "3"]
[White "PANAMA-REY"]
[Black "MCJR"]
[Result "1/2-1/2"]
[WhiteElo "1447"]
[BlackElo "1452"]
[Opening "Sicilian: closed, 2...Nc6"]
[ECO "B23"]
[Time "11:00:35"]
[TimeControl "2700+45"]

1. e4 c5 2. Nc3 Nc6 3. Bb5 Nd4 4. Bc4 d6 5. f4 Nf6 6. f5 e6 7. fxe6 fxe6 8. Nf3
Be7 9. d3 O-O 10. O-O Kh8 11. Ne2 Nxf3+ 12. Rxf3 d5 13. exd5 exd5 14. Bb3 b6 15.
c3 Bb7 16. Rf1 Qc7 17. d4 Bd6 18. Nf4 Rae8 19. Qf3 Ne4 20. Qg4 Nf6 21. Qh4 Bxf4
22. Bxf4 Qd7 23. Bc2 Re2 24. Rac1 Rfe8 25. Be5 Qg4 26. Qxg4 Nxg4 27. Bd6 Ne3 28.
Rf8+ Rxf8 29. Bxf8 Nxc2 30. Kf1 Re8 31. Bd6 Ne3+ 32. Kf2 Nf5 33. Be5 Ba6 34. Kg1
Kg8 35. Re1 Bd3 36. g4 Nh4 37. Re3 Be4 38. Rh3 Nf3+ 39. Kf2 Ng5 40. Re3 Rf8+ 41.
Kg3 Rf3+ 42. Rxf3 Nxf3 43. Bb8 cxd4 44. cxd4 Nxd4 45. Bxa7 Nc6 46. Bxb6 d4 47.
Kf2 d3 48. Ke1 Nb4 49. a3 Nd5 50. Ba5 Kf7 51. Kd2 Ke7 52. h3 Kd7 53. b4 Kc6 54.
a4 Kb7 55. b5 Nb6 56. Bc3 Nxa4 57. Bxg7 Kb6 58. h4 Kxb5 59. g5 Bg6 60. Bf6 Nc5
61. Bb2 Ne4+ 62. Ke3 d2 63. Ke2 d1=Q+ 64. Kxd1 {Game drawn by mutual agreement}
1/2-1/2

[Event "Team 45 45 League T50"]
[Site "Internet Chess Club"]
[Date "2011.08.28"]
[Round "3"]
[White "bmw2002"]
[Black "rook9999"]
[Result "1-0"]
[WhiteElo "1574"]
[BlackElo "1695"]
[Opening "English opening"]
[ECO "A20"]
[Time "19:49:51"]
[TimeControl "2700+45"]

1. c4 e5 2. g3 c6 3. Bg2 Nf6 4. Nc3 Bc5 5. e3 d6 6. Nge2 Be6 7. d3 O-O 8. O-O
Nbd7 9. Na4 Bb4 10. a3 Ba5 11. b4 Bc7 12. Nac3 d5 13. cxd5 Nxd5 14. Bb2 Re8 15.
b5 Nxc3 16. Nxc3 cxb5 17. Nxb5 a6 18. Nxc7 Qxc7 19. d4 exd4 20. Qxd4 f6 21. Rfc1
Qb8 22. Bd5 Ne5 23. Be4 Bg4 24. Qd5+ Be6 25. Bxe5 Qxe5 26. Qxe5 fxe5 27. Bxb7
Ra7 28. Be4 g6 29. Rc5 Bf5 30. Bd5+ Kg7 31. Rac1 Ree7 32. e4 Be6 33. Rb1 Kf6 34.
Rb6 Kf7 35. Rcc6 Bxd5 36. exd5 a5 37. Ra6 Red7 38. Rf6+ Kg7 39. Rxa7 Rxa7 40.
Re6 Rd7 41. Rxe5 Kf6 42. f4 Rd6 43. Kf2 h6 44. Ke3 g5 45. Kd4 gxf4 46. gxf4 Rb6
47. Re6+ Rxe6 48. dxe6 Kxe6 49. Kc5 Kf5 50. Kb5 Kxf4 51. Kxa5 Kf3 52. Kb5 Kg2
53. a4 Kxh2 54. a5 Kg3 55. a6 h5 56. a7 h4 57. a8=Q h3 58. Qh1 h2 {Black
resigns} 1-0

[Event "Team 45 45 League T50"]
[Site "Internet Chess Club"]
[Date "2011.09.04"]
[Round "3"]
[White "baseball613"]
[Black "Gilguli"]
[Result "0-1"]
[WhiteElo "1315"]
[BlackElo "1448"]
[Opening "Queen's pawn game, Krause variation"]
[ECO "D02"]
[Time "16:05:33"]
[TimeControl "2700+45"]

1. d4 d5 2. Nf3 c5 3. c3 Nc6 4. Bf4 Bf5 5. Nbd2 Qb6 6. Qb3 e6 7. e3 Nf6 8. h3 h6
9. Be2 c4 10. Qxb6 axb6 11. Ne5 Nxe5 12. Bxe5 Nd7 13. Bf4 b5 14. O-O b4 15. cxb4
Bxb4 16. Nf3 O-O 17. Rfc1 Rfc8 18. Bd1 c3 19. bxc3 Bxc3 20. Ne5 Nxe5 21. Bxe5
Bxa1 22. Rxa1 Rc3 23. Bb3 Rxb3 24. Rc1 Rb1 25. Rxb1 Bxb1 26. a4 Rxa4 27. Kf1 b5
28. Ke1 b4 29. Kd1 b3 30. Kc1 Bc2 31. Kb2 Ra2+ 32. Kc3 Bd1 {White resigns} 0-1

[Event "Team 45 45 League T50"]
[Site "Internet Chess Club"]
[Date "2011.08.27"]
[Round "3"]
[White "blizzard13"]
[Black "papricka205"]
[Result "0-1"]
[WhiteElo "1431"]
[BlackElo "1445"]
[Opening "Giuoco Piano"]
[ECO "C50"]
[Time "11:01:50"]
[TimeControl "2700+45"]

1. e4 e5 2. Nf3 Nc6 3. Bc4 Bc5 4. O-O Nf6 5. d3 O-O 6. Bg5 h6 7. Bh4 d6 8. a3
Be6 9. Nbd2 Nd4 10. Nxd4 Bxd4 11. c3 Bb6 12. b4 a5 13. Bxe6 fxe6 14. Nc4 c6 15.
bxa5 Bxa5 16. Nxa5 Qxa5 17. Qc2 d5 18. f3 Qc5+ 19. Bf2 d4 20. Qb3 Rfe8 21. Rfc1
Qa7 22. c4 Nd7 23. Be1 c5 24. a4 Qb6 25. Qa3 Qc6 26. Rcb1 b6 27. Rb5 Ra6 28.
Rab1 Rea8 29. Qb3 Rxa4 30. Rxb6 Nxb6 31. Qxb6 Qxb6 32. Rxb6 Ra1 33. Kf2 R8a2+
34. Kg3 Rxe1 35. Rxe6 Rg1 36. Rxe5 Raxg2+ 37. Kf4 Rxh2 38. Rxc5 Rd2 39. e5 Rxd3
40. Ke4 Re3+ 41. Kxd4 Rxf3 42. Ke4 Rf8 43. Kd5 Rg6 44. Rc7 h5 45. Rd7 h4 46. e6
Re8 47. e7 h3 48. Rd8 Kf7 49. c5 Rxe7 50. c6 h2 51. Rd7 h1=Q+ 52. Kc5 Qxc6+
{White resigns} 0-1

[Event "Team 45 45 League T50"]
[Site "Internet Chess Club"]
[Date "2011.08.28"]
[Round "3"]
[White "iwin2"]
[Black "houseofcook"]
[Result "0-1"]
[WhiteElo "1388"]
[BlackElo "1457"]
[Opening "French: Tarrasch, closed variation"]
[ECO "C05"]
[Time "12:00:25"]
[TimeControl "2700+45"]

1. e4 e6 2. d4 d5 3. Nd2 Nf6 4. Bd3 c5 5. c3 Nc6 6. e5 Nd7 7. Ngf3 cxd4 8. cxd4
f6 9. exf6 Nxf6 10. O-O Bd6 11. Bb5 O-O 12. Nb3 a6 13. Bd3 e5 14. dxe5 Nxe5 15.
Re1 Nxd3 16. Qxd3 Kh8 17. Bg5 Bd7 18. Bxf6 Qxf6 19. Qxd5 Bc6 20. Qd3 Bxf3 21.
gxf3 Qf4 22. h3 Qh2+ 23. Kf1 Qxh3+ 24. Ke2 Rae8+ 25. Kd1 Rxe1+ 26. Kxe1 Bb4+ 27.
Nd2 Re8+ 28. Kd1 Qe6 29. Ne4 Ba5 30. Ng5 Qe1+ 31. Kc2 Re2+ 32. Qxe2 Qxe2+ 33.
Kb3 Qb5+ 34. Kc2 Qxg5 35. Rd1 Qc5+ 36. Kb1 h6 37. Rc1 Qxf2 38. Rc8+ Kh7 39. a3
Qxf3 40. b4 Qf5+ 41. Rc2 Bb6 42. a4 Bd4 43. Kc1 Qf1+ 44. Kd2 Qf2+ 45. Kd3 Qe3+
46. Kc4 h5 47. Rh2 Qc3+ 48. Kd5 Kh6 49. b5 Qc5+ 50. Ke4 Qe5+ {White resigns} 0-1

[Event "Team 45 45 League T50"]
[Site "Internet Chess Club"]
[Date "2011.08.27"]
[Round "3"]
[White "kmicc"]
[Black "pudge"]
[Result "0-1"]
[WhiteElo "1411"]
[BlackElo "1455"]
[Opening "Hungarian defense"]
[ECO "C50"]
[Time "13:01:58"]
[TimeControl "2700+45"]

1. e4 e5 2. Nf3 Nc6 3. Bc4 Be7 4. Nc3 Nf6 5. O-O O-O 6. d3 d6 7. Bg5 Bg4 8. h3
Bh5 9. Nd5 Nd4 10. Nxf6+ Bxf6 11. Be3 Nxf3+ 12. gxf3 Bh4 13. d4 Qf6 14. dxe5
dxe5 15. Be2 Qe6 16. Kh2 f5 17. b3 Kh8 18. Rg1 f4 19. Bc5 Rfd8 20. Qf1 b6 21.
Ba3 Rd2 22. Rc1 Bxf3 23. Bxf3 Rxf2+ 24. Qg2 Rxg2+ 25. Rxg2 Bg3+ 26. Kh1 Rd8 27.
Bb2 c5 28. c4 Rd3 29. Rf1 Rd7 30. Rc1 h6 31. Bg4 Qe7 32. Bxd7 Qxd7 33. Rc3 Qd1+
34. Rg1 Qe2 35. Rg2 Qf1+ 36. Rg1 Qxh3# {White checkmated} 0-1

[Event "Team 45 45 League T50"]
[Site "Internet Chess Club"]
[Date "2011.08.27"]
[Round "3"]
[White "spongenotbob"]
[Black "cazj"]
[Result "1-0"]
[WhiteElo "1477"]
[BlackElo "1323"]
[Opening "QGD semi-Slav: 5.e3"]
[ECO "D45"]
[Time "21:00:24"]
[TimeControl "2700+45"]

1. d4 d5 2. c4 c6 3. e3 Nf6 4. Nc3 e6 5. Nf3 Bb4 6. Be2 O-O 7. O-O Qa5 8. Bd2
Ne4 9. Qc2 Nd7 10. Nxe4 dxe4 11. Bxb4 Qxb4 12. Nd2 f5 13. a3 Qe7 14. c5 Qh4 15.
Nc4 Nf6 16. Nd6 Ng4 17. Bxg4 Qxg4 18. Qb3 b5 19. Nxc8 Raxc8 20. Qxe6+ Kh8 21.
Rfd1 Qh4 22. Qb3 Rf6 23. g3 Qh3 24. Rd2 Rh6 25. f4 exf3 26. d5 Rd8 27. d6 Re8
28. d7 Rd8 29. Qf7 f4 30. Qe8+ {Black resigns} 1-0

[Event "Team 45 45 League T50"]
[Site "Internet Chess Club"]
[Date "2011.08.26"]
[Round "3"]
[White "irock2011"]
[Black "tworivers"]
[Result "0-1"]
[WhiteElo "1291"]
[BlackElo "1414"]
[Opening "Caro-Kann: classical variation"]
[ECO "B18"]
[Time "17:00:33"]
[TimeControl "2700+45"]

1. e4 d5 2. Nc3 c6 3. d4 dxe4 4. Nxe4 Bf5 5. Nc3 h6 6. Bf4 Nf6 7. Nf3 e6 8. Be2
Bd6 9. Be3 Nbd7 10. h3 Bh7 11. Bd3 Qc7 12. Qd2 O-O-O 13. O-O-O Nd5 14. Be2 Nxe3
15. Qxe3 Bf4 16. Nd5 exd5 17. Qd2 Rhe8 18. Rhe1 Bxd2+ 19. Rxd2 f6 20. Red1 Kb8
21. Bd3 Bxd3 22. Rxd3 Re2 23. c3 Rxf2 24. g4 Qf4+ 25. Nd2 Re8 26. Kc2 Ree2 27.
a3 Qe4 28. Kb3 Qxd3 29. Rc1 Qxd2 30. Rb1 Qc2+ 31. Kb4 Qxb1 32. b3 Rb2 33. Ka4
Rxb3 34. h4 Ra2 35. Ka5 Raxa3# {White checkmated} 0-1

[Event "Team 45 45 League T50"]
[Site "Internet Chess Club"]
[Date "2011.08.27"]
[Round "3"]
[White "medsurg"]
[Black "ausya"]
[Result "0-1"]
[WhiteElo "1368"]
[BlackElo "1409"]
[Opening "Ruy Lopez: closed, 8.c3"]
[ECO "C89"]
[Time "19:00:23"]
[TimeControl "2700+45"]

1. e4 e5 2. Nf3 Nc6 3. Bb5 a6 4. Ba4 Nf6 5. O-O Be7 6. Re1 b5 7. Bb3 O-O 8. c3
b4 9. d4 bxc3 10. bxc3 exd4 11. cxd4 d5 12. exd5 Nxd5 13. Ne5 Nxe5 14. dxe5 Nb6
15. Bd2 Be6 16. Bxe6 fxe6 17. Nc3 Bc5 18. Be3 Bxe3 19. Rxe3 Qxd1+ 20. Rxd1 Rad8
21. g3 Rxd1+ 22. Nxd1 Rd8 23. Nc3 Rd2 24. Kf1 Rc2 25. a4 Nc4 26. Rd3 Nxe5 27.
Rd8+ Kf7 28. Ne4 Rc4 29. Ng5+ Ke7 30. Rg8 Kf6 31. f4 Ng6 32. Re8 Nxf4 33. Nxh7+
Kg6 34. gxf4 Rxf4+ 35. Kg2 Kxh7 36. Rxe6 Rxa4 37. Rc6 Ra2+ 38. Kg3 a5 39. Rxc7
Kg6 40. h4 Kf6 41. Rd7 Ra1 42. Kf4 a4 43. h5 a3 44. Rd6+ Ke7 45. Ra6 a2 46. Ra7+
Kd8 47. Ra8+ Kc7 48. Ke3 Re1+ {White resigns} 0-1

[Event "Team 45 45 League T50"]
[Site "Internet Chess Club"]
[Date "2011.08.29"]
[Round "3"]
[White "Boromir"]
[Black "Innes"]
[Result "1-0"]
[WhiteElo "1940"]
[BlackElo "1681"]
[Opening "Bishop's opening"]
[ECO "C23"]
[Time "14:47:30"]
[TimeControl "2700+45"]

1. e4 e5 2. Bc4 b5 3. Bxb5 c6 4. Be2 d5 5. exd5 cxd5 6. d4 e4 7. c4 Nf6 8. Nc3
Bd6 9. Bg5 h6 10. Bxf6 Qxf6 11. c5 Qg5 12. Bb5+ Bd7 13. Nge2 Bc7 14. Qb3 Ba5 15.
O-O Bxc3 16. Nxc3 O-O 17. Bxd7 Nxd7 18. Qxd5 Qxd5 19. Nxd5 f5 20. b4 Nf6 21.
Nxf6+ Rxf6 22. d5 Rd8 23. Rfd1 a6 24. a4 Rb8 25. Rab1 Kf8 26. b5 axb5 27. axb5
Ke8 28. d6 Ra8 29. c6 g5 30. b6 f4 31. d7+ Ke7 32. c7 Rd6 33. Rxd6 Kxd6 34.
d8=Q+ {Black resigns} 1-0

[Event "Team 45 45 League T50"]
[Site "Internet Chess Club"]
[Date "2011.08.28"]
[Round "3"]
[White "badmove"]
[Black "BuddyT"]
[Result "1/2-1/2"]
[WhiteElo "1768"]
[BlackElo "1786"]
[Opening "Nimzo-Indian: classical, Noa variation, main line, 7.Qc2"]
[ECO "E37"]
[Time "09:04:14"]
[TimeControl "2700+45"]

1. d4 e6 2. c4 Nf6 3. Nc3 Bb4 4. Qc2 d5 5. a3 Bxc3+ 6. Qxc3 Ne4 7. Qc2 c5 8.
dxc5 Nc6 9. Nf3 Qa5+ 10. Nd2 Nd4 11. Qd1 Bd7 12. b4 Qa4 13. Nxe4 Nc2+ 14. Kd2
Nxa1 15. Nd6+ Kf8 16. cxd5 Nb3+ 17. Ke1 Nxc1 18. Qxc1 a5 19. Nxb7 axb4 20. c6
Bxc6 21. dxc6 bxa3 22. Qc5+ Kg8 23. c7 Rc8 24. Qe7 Qa8 25. Nd8 Qa5+ 26. Kd1 Qd5+
27. Ke1 {Game drawn by mutual agreement} 1/2-1/2

[Event "Team 45 45 League T50"]
[Site "Internet Chess Club"]
[Date "2011.08.28"]
[Round "3"]
[White "wrimle"]
[Black "Kingofknights"]
[Result "0-1"]
[WhiteElo "1630"]
[BlackElo "1698"]
[Opening "Caro-Kann: exchange variation"]
[ECO "B13"]
[Time "17:00:18"]
[TimeControl "2700+45"]

1. e4 c6 2. d4 d5 3. exd5 cxd5 4. Bd3 Nc6 5. c3 e5 6. dxe5 Nxe5 7. Qe2 Qe7 8.
Bb5+ Bd7 9. Bxd7+ Nxd7 10. Bg5 f6 11. Qxe7+ Nxe7 12. Bf4 Ng6 13. Be3 Nde5 14.
Nd2 b6 15. O-O-O Bc5 16. Nh3 Bxe3 17. fxe3 Kf7 18. Nf3 Rad8 19. Nf4 Nxf4 20.
exf4 Nxf3 21. gxf3 Rhe8 22. Rd2 Re3 23. Rf1 Ke6 24. Kd1 Kf5 25. Rd4 Rd7 26. Kd2
Rde7 27. Rf2 g6 28. h4 h5 29. Kd1 Re1+ 30. Kd2 Rb1 31. Kc2 Rh1 32. Rg2 Rd7 33.
Rgd2 Rxh4 34. c4 Rxf4 35. Rxd5+ Rxd5 36. Rxd5+ Ke6 37. Kd3 h4 38. Rd8 Rxf3+ 39.
Ke4 Rg3 40. b4 Rg4+ 41. Kd3 Rg1 42. c5 Rd1+ {White resigns} 0-1

[Event "Team 45 45 League T50"]
[Site "Internet Chess Club"]
[Date "2011.08.27"]
[Round "3"]
[White "alexping"]
[Black "Epcot"]
[Result "0-1"]
[WhiteElo "1907"]
[BlackElo "1918"]
[Opening "Queen's Indian: Nimzovich variation (exaggerated fianchetto)"]
[ECO "E15"]
[Time "12:05:11"]
[TimeControl "2700+45"]

1. d4 Nf6 2. c4 e6 3. Nf3 b6 4. g3 Ba6 5. Qc2 c5 6. Bg2 Bb7 7. O-O cxd4 8. Nxd4
Bxg2 9. Kxg2 Qc8 10. Qd3 Nc6 11. Nxc6 Qxc6+ 12. Kg1 Be7 13. Nd2 O-O 14. b3 Rfd8
15. Bb2 d5 16. Rfd1 Rac8 17. Qf3 Qc5 18. cxd5 Qc2 19. Nc4 Rxc4 20. bxc4 Qxb2 21.
Rab1 Qxa2 22. Ra1 Qxc4 23. d6 Bf8 24. Rxa7 h5 25. Qb7 Rd7 26. Qxb6 Qxe2 27. Rda1
Rxd6 28. Qb8 h4 29. Ra8 Rd1+ 30. Rxd1 Qxd1+ 31. Kg2 Qd5+ 32. Kg1 Nd7 33. Qa7 h3
{White resigns} 0-1